Unix NetHack Version 5.0.0-0 post-release - last build May 17 2026 04:57:42 (dc50c8380fa5e20985bfe3072449f57b8d9895ef,branch:main).

Game began 2026-05-20 12:47:55, ended 2026-05-20 13:31:21.

Drastanta, lawful male human Samurai

       ---
 -------.--
--..--*...|
|........-|
|-........| |.-
|<.......-- |...
--...*...| --...
 |..--------sG|
 |.-| |....0@--
 |..---.------
 --.....|
  |..----
  |..|
  ----
Drastanta the Ninja    St:14 Dx:18 Co:17 In:8 Wi:7 Ch:8  Lawful
Dlvl:9  $:236 HP:0(53) Pw:25(25) AC:3  Xp:7 T:2474  Burdened

Latest messages:
 o - an uncursed scroll of earth.
 R - an uncursed scroll of enchant armor.
 You descend the stairs.
 What do you want to use or apply? [gtvACNQSUV or ?*] ?
 Your lamp is now on.
 You hear a chugging sound.
 You kill the gnome!
 There is a gnome corpse here; eat it? [ynq] (n) y
 This gnome corpse tastes okay.
 You stop eating the gnome corpse.
 The giant spider bites!
 The giant spider's bite was poisoned!
 You feel very sick!
 Your movements are slowed slightly because of your load.
 You feel weaker!
 The giant spider bites!
 The giant spider bites!
 You hit the giant spider.
 The giant spider bites!
 You hit the giant spider.
 The giant spider bites!
 You hit the giant spider!
 The giant spider bites!
 The giant spider bites!
 Are you sure you want to pray? [yn] (n) y
 You begin praying to Amaterasu Omikami.
 You are surrounded by a shimmering light.
 The giant spider starts to attack you, but pulls back.
 The giant spider starts to attack you, but pulls back.
 The giant spider starts to attack you, but pulls back.
 The gnome lord starts to attack you, but pulls back.
 The giant spider starts to attack you, but pulls back.
 You finish your prayer.
 You feel that Amaterasu Omikami is well-pleased.
 The giant spider bites!
 What do you want to read? [houR or ?*] ?
 As you read the scroll, it disappears.
 The ceiling rumbles above you!
 The giant spider is hit by a boulder!
 The gnome lord is hit by a boulder!
 You are hit by a boulder!
 Fortunately, you are wearing a hard helmet.
 You hear the howling of the CwnAnnwn...
 The giant spider bites!
 You die...
 Do you want your possessions identified? [ynq] (y) n
 Do you want to see your attributes? [ynq] (y) n
 Do you want an account of creatures vanquished? [ynaq] (y) n
 Do you want to see your conduct and achievements? [ynq] (y) n
 Do you want to see the dungeon overview? [ynq] (y) n

Inventory:
 Coins    ('$')
  $ - 236 gold pieces
 Weapons  (')')
  d - 43 blessed +0 ya (in quiver)
  c - a +0 yumi (alternate weapon; not wielded)
  a - a +0 katana (weapon in right hand)
  b - a blessed +0 wakizashi
 Armor    ('[')
  f - an uncursed +0 orcish helm (being worn)
  x - an uncursed +0 dwarvish cloak
  e - an uncursed rustproof +0 splint mail (being worn)
 Comestibles  ('%')
  j - an uncursed gunyoki
  O - an uncursed tripe ration
 Scrolls  ('?')
  h - 2 uncursed scrolls of confuse monster
  u - an uncursed scroll of create monster
  R - an uncursed scroll of enchant armor
 Potions  ('!')
  E - a blessed potion of blindness
  T - a cursed potion of confusion
  i - a blessed potion of gain energy
  n - an uncursed potion of gain energy
  p - a blessed potion of sake
  P - 2 uncursed potions of sickness
  r - an uncursed potion of sleeping
  m - an uncursed potion of water
 Wands    ('/')
  Q - a wand of magic missile (0:5)
  S - a cursed wand of magic missile (0:6)
  v - a blessed wand of nothing named NM (0:4)
  A - a wand of slow monster (0:7)
 Tools    ('(')
  V - an uncursed oil lamp (lit)
  g - an uncursed osaku
  U - an uncursed tallow candle
  t - an uncursed tin whistle
  C - an uncursed towel
  N - an uncursed wax candle

Drastanta the Samurai's attributes:

Background:
 You were a Ninja, a level 7 male human Samurai.
 You were lawful, on a mission for Amaterasu Omikami
 who was opposed by Raijin (neutral) and Susanowo (chaotic).
 You were right-handed.
 You were in the Gnomish Mines, on level 9.
 You entered the dungeon 2474 turns ago.
 You had 668 experience points, 612 more were needed to attain level 8.

Basics:
 You had 0 out of 53 hit points.
 You had all 25 energy points (spell power).
 Your armor class was 3.
 Your wallet contained 236 zorkmids.
 Autopickup was off.

Final Characteristics:
 Your strength was 14 (peak:17, limit:18/100).
 Your dexterity was 18 (limit:18).
 Your constitution was 17 (peak:18, limit:18).
 Your intelligence was 8 (limit:18).
 Your wisdom was 7 (limit:18).
 Your charisma was 8 (limit:18).

Final Status:
 You weren't hungry.
 You were burdened; movement was slightly slowed.
 You were wielding a long sword.
 You had basic skill with long sword and could have enhanced that.

Final Attributes:
 You were piously aligned.
 You were telepathic.
 You were warded.
 You were fast.
 You are dead.

Miscellaneous:
 You didn't encounter any bones levels.
 Total elapsed playing time was 43 minutes and 26 seconds.

Major events:
 Turn
    1: Drastanta the lawful male human Samurai entered the dungeon
  538: entered the Gnomish Mines
  539: attained the rank of Ronin (level 3)
 1045: reached Mine Town
 1347: attained the rank of Ninja (level 6)
 2474: killed by a giant spider

You didn't know any spells.

Skills:
 Fighting Skills
   martial arts      [Basic]
   two weapon combat [Unskilled]
   riding            [Unskilled]
 Weapon Skills
   dagger            [Unskilled]
   knife             [Unskilled]
   short sword       [Basic]
   broadsword        [Unskilled]
   long sword        [Basic]
   two-handed sword  [Unskilled]
   saber             [Unskilled]
   flail             [Unskilled]
   quarterstaff      [Unskilled]
   polearms          [Unskilled]
   spear             [Unskilled]
   lance             [Unskilled]
   bow               [Basic]
   shuriken          [Unskilled]
 Spellcasting Skills
   attack spells     [Unskilled]
   divination spells [Unskilled]
   clerical spells   [Unskilled]

Voluntary challenges:
 Character rerolling was not enabled.
 You never genocided any monsters.
 You never polymorphed an object.
 You never changed form.
 You used no wishes.
Achievements:
 You entered a shop.
 You entered the Gnomish Mines.
 You attained the rank of Ronin.
 You entered Minetown.
 You entered a temple.
 You attained the rank of Ninja.

 The Dungeons of Doom: levels 1 to 3
    Level 1:
    Level 2:
       A general store.
       Stairs down to The Gnomish Mines.
    Level 3:
       A fountain.
 The Gnomish Mines: levels 3 to 9
    Level 3:
    Level 4:
    Level 5:
    Level 6:
       Many shops, a temple and an altar, many fountains.
    Level 7:
    Level 8:
    Level 9: <- You were here.
       Final resting place for
          you, killed by a giant spider.


Vanquished creatures:
  a dwarf leader
 14 gnome leaders
  2 gnomish wizards
  a kobold mummy
  2 giant ants
  a little dog
  2 dwarves
  a homunculus
  a giant bat
 an iguana
  a large kobold
 41 gnomes
  a gnome zombie
  a gecko
  a jackal
  a fox
  a kobold
  a goblin
  4 sewer rats
  a grid bug
  3 lichens
  3 newts
85 creatures vanquished.

No species were genocided or became extinct.

Game over:
                       ----------
                      /          \
                     /    REST    \
                    /      IN      \
                   /     PEACE      \
                  /                  \
                  |    Drastanta     |
                  |      236 Au      |
                  |   killed by a    |
                  |   giant spider   |
                  |                  |
                  |                  |
                  |       2026       |
                 *|     *  *  *      | *
        _________)/\\_//(\/(/\)/\//\/|_)_______

Sayonara Drastanta the Samurai...

You died in The Gnomish Mines on dungeon level 9 with 3295 points,
and 236 pieces of gold, after 2474 moves.
You were level 7 with a maximum of 53 hit points when you died.

